 Dungeon Crawl Stone Soup version 0.20.0-15-g7f486f2 (webtiles) character file.

40 Omegatherion the Skirmisher (level 3, 0/24 HPs)
             Began as a Gargoyle Fighter on June 29, 2017.
             Slain by a gnoll
             ... wielding a +0 whip
              (4 damage)
             ... on level 2 of the Dungeon.
             The game lasted 00:00:50 (466 turns).

Omegatherion the Skirmisher (Gargoyle Fighter)       Turns: 466, Time: 00:00:51

Health: 0/24       AC:  6    Str: 20    XL:     3   Next: 50%
Magic:  3/3        EV:  8    Int:  8    God:
Gold:   111        SH:  9    Dex:  9    Spells: 2/2 levels left

rFire    . . .     SeeInvis .   a - +0 flail
rCold    . . .     Gourm    .   c - +0 shield
rNeg     + . .     Faith    .   k - +0 leather armour (curse)
rPois    ∞         Spirit   .   (no helmet)
rElec    +         Reflect  .   (no cloak)
rCorr    .         Harm     .   (no gloves)
MR       .....                  (no boots)
Stlth    +.........             (no amulet)
Regen    0.1/turn               (no ring)
MPRegen  0.1/turn               (no ring)

@: no status effects
A: negative energy resistance 1, electricity resistance, unbreathing,
petrification resistance, rot immunity, AC +3
a: no special abilities


You were on level 2 of the Dungeon.
You were not hungry.

You visited 1 branch of the dungeon, and saw 2 of its levels.

You collected 111 gold pieces.

Inventory:

Hand Weapons
 a - a +0 flail (weapon)
Armour
 b - a +0 scale mail
 c - a +0 shield (worn)
 k - a cursed +0 leather armour (worn)
Scrolls
 e - a scroll of remove curse {unknown}
 g - a scroll of enchant armour {unknown}
 j - 2 scrolls of identify {unknown}
 m - a scroll of teleportation {unknown}
Potions
 d - a potion of might
 h - a potion of curing {unknown}
Comestibles
 f - a bread ration
 i - a fruit
 l - a royal jelly


   Skills:
 + Level 4.1 Fighting
 + Level 2.6 Maces & Flails
 - Level 3.5 Armour
 - Level 3.4 Shields


You had 2 spell levels left.
You didn't know any spells.

Dungeon Overview and Level Annotations

Branches:
Dungeon (2/15)

Altars:
Vehumet


Innate Abilities, Weirdness & Mutations

You are resistant to torment.
Your stone body is resilient. (AC +3)
You are immune to poison.
You resist negative energy. (rN+)
You are resistant to electric shocks. (rElec)
You can survive without breathing.
You are immune to petrification.
You are immune to rotting.


Message History

You closely miss the gnoll.
The gnoll is almost dead.
The gnoll closely misses you.
The rat moves out of view.
The gnoll barely misses you. You block the gnoll's attack.
You sock the gnoll!
You kill the gnoll!
The gnoll completely misses you. You block the gnoll's attack.
You are too injured to fight recklessly!
You are too injured to fight recklessly!
You are too injured to fight recklessly!
You sock the gnoll!
The gnoll is heavily wounded.
You hit the gnoll.
The gnoll is heavily wounded.
You hit the gnoll.
The gnoll is almost dead.
The gnoll hits you with a whip.
* * * LOW HITPOINT WARNING * * *
The gnoll hits you with a whip.
You die...

.# ...... ..#....g #.....g #.....
#.... ########## #.g) #........#
#g#+# #........# #(@.# #........#
########## ##..# ###........##
#........# #..# #......<....#
#........#### #..# #.#.........#
#.......)...####..# #.#.....♣...#
#.........#.#....># #......♣_♣..#
#.........#.#†#######.......♣..##
#....>....#.#...........##.....##
#.........#.#.#.######...........


You could see 2 gnolls.

Vanquished Creatures
  2 gnolls (D:2)
  A dart slug (D:2)
  2 bats
  A giant cockroach (D:1)
  2 goblins (D:1)
  3 hobgoblins (D:1)
  5 kobolds (D:1)
  A rat (D:1)
17 creatures vanquished.

Notes
Turn   | Place    | Note
-------+----------+-------------------------------------------
     0 | D:1      | Omegatherion the Gargoyle Fighter began the quest for the Orb.
     0 | D:1      | Reached XP level 1. HP: 14/14 MP: 1/1
   154 | D:1      | Reached XP level 2. HP: 16/19 MP: 2/2
   376 | D:2      | Found a faded altar of an unknown god.
   420 | D:2      | Found a radiant altar of Vehumet.
   459 | D:2      | Reached skill level 4 in Fighting
   459 | D:2      | Reached XP level 3. HP: 24/24 MP: 3/3
   466 | D:2      | Slain by a gnoll

Skill      XL: |  1  2 |
---------------+-------+-----
Fighting       | 4 |  4.1
Maces & Flails | |  2.6
Armour         | |  3.5
Shields        | |  3.4

Action                   || total
-------------------------++-------
Melee: Flail             ||    48
Armor: Scale mail        ||    17
       Leather armour    ||     2
Dodge: Dodged            ||    19
Block: Shield            ||    17
